AoeStats
← earlitepainters

African Clearing

510418766Analyzed
2v2 RM · 2d ago on Sep 30, 2026· 28m 0s· 4 players
Game mode
Random Map
Map size
Medium (4 player)
Population
200
Speed
Normal
Resources
Standard
Victory
Conquest
Starting age
Dark Age
Ending age
Imperial Age
RankedLock teamsTeams togetherTeam positionsShared explorationLock speedFull tech treeHidden civsTurbo modeCheats
Victory
Defeat
🇦🇺 Japanese · Australia
1277
+14
🇧🇷 Huns · Brazil
1220
+17
🇯🇴 Malians · Jordan
1247
-16
🇨🇦 Spanish · Canada
1224
-15
Principipe6724
5:39 Loom
14:30 Feudal Age
18:10 Castle Age
16:06 Double-Bit Axe
17:30 Town Watch
19:00 Fletching
Prince Of The Darkness
11:52 Feudal Age
11:15 Loom
13:42 Feudal Age
19:26 Castle Age
18:25 Double-Bit Axe
20:00 Stone Mining
23:13 Demolition Ship
26:06 Fishing Lines
26:26 Horse Collar
27:43 Fletching
28:24 Bodkin Arrow
TrutaPSYCHO
7:40 Loom
13:54 Feudal Age
16:03 Gold Mining
16:39 Double-Bit Axe
19:52 Castle Age
21:15 Bow Saw
earlitepainters
9:08 Loom
12:56 Feudal Age
14:22 Double-Bit Axe
17:13 Castle Age
15:44 Gold Mining
18:21 Fletching
18:33 Padded Archer Armor
20:42 Wheelbarrow
20:23 Bodkin Arrow
25:33 Thumb Ring
28:40 Hand Cart
Connection lost

Rejoining the realm…

Still unreachable

The connection could not be restored.

Session expired

The server has moved on; the page needs a fresh start.